 Dungeon Crawl Stone Soup version 0.18-a0-1203-gbde16db (webtiles) character file.

422 Duffy the Ruffian (level 6, 0/51 HPs)
             Began as a Ghoul Fighter on Jan 31, 2016.
             Slain by a quokka (1 damage)
             ... summoned by Eustachio
             ... on level 4 of the Dungeon.
             The game lasted 00:04:04 (3322 turns).

Duffy the Ruffian (Ghoul Fighter)                   Turns: 3322, Time: 00:04:05

Health: 0/51       AC:  8    Str: 20    XL:     6   Next: 95%
Magic:  5/5        EV:  2    Int:  3    God:
Gold:   183        SH:  0    Dex: 10    Spells: 0 memorised, 5 levels left

rFire  . . .     SeeInvis .       - Unarmed
rCold  + . .     Gourm    .     o - +0 chain mail
rNeg   + + +     Faith    .     (no shield)
rPois  ∞         Spirit   .     (no helmet)
rElec  .         Dismiss  .     (no cloak)
rCorr  .         Reflect  .     (no gloves)
SustAt .         Harm     .     (no boots)
MR     .....                    (no amulet)
Stlth  ..........               (no ring)
                                (no ring)

@: rotting, not resistant to hostile enchantments, extremely unstealthy
A: rotting body, claws 1, carnivore 3, cold resistance 1, negative energy
resistance 3, slow regeneration 1, torment resistance, unbreathing
a: no special abilities


You were on level 4 of the Dungeon.
You were not hungry.

You visited 1 branch of the dungeon, and saw 4 of its levels.

You collected 183 gold pieces.


Innate Abilities, Weirdness & Mutations

Your body is rotting away.
You thrive on raw meat.
You are immune to poison.
You have sharp fingernails.
You are carnivorous and can eat meat at any time.
Your flesh is cold resistant.
You are immune to negative energy.
You regenerate slowly when monsters are visible.
You are immune to unholy pain and torment.
You can survive without breathing.


   Skills:
 - Level 3.2 Fighting
 - Level 2.6 Armour
 - Level 2.6 Shields
 + Level 7.9 Unarmed Combat


You had 5 spell levels left.
You didn't know any spells.

Inventory:

Missiles
 m - 11 poisoned needles
Armour
 a - a +0 scale mail
 b - a +0 shield
 j - a +0 pair of gloves
 o - a +0 chain mail (worn)
Wands
 v - a wand of flame (22/48)
 y - a wand of teleportation (3/9)
Scrolls
 e - a scroll of blinking {unknown}
 g - 2 scrolls of teleportation {unknown}
 l - a scroll of recharging {unknown}
 n - 2 scrolls of identify {unknown}
 p - a scroll of magic mapping {unknown}
 q - a scroll of fog {unknown}
 r - a scroll of enchant armour {unknown}
 s - a scroll of random uselessness {unknown}
 t - a scroll of fear {unknown}
 w - a scroll of remove curse {unknown}
 x - a scroll of amnesia {unknown}
Potions
 c - a potion of might
 f - a potion of brilliance {unknown}
 h - a potion of resistance {unknown}
 i - a potion of haste
 k - a potion of cancellation {unknown}
 u - 2 potions of cure mutation {unknown}
 z - a potion of lignification {unknown}
 B - 2 potions of magic {unknown}
Comestibles
 d - a meat ration
 C - 2 beef jerkies

Dungeon Overview and Level Annotations

Branches:
Dungeon (4/15)
 Temple: D:4-7

Altars:
Elyvilon
Makhleb
Trog
Xom
Zin

Annotations:
D:4 Eustachio; ronniedog's ghost, amateur MiGl


Message History

You miss Eustachio.
Eustachio is almost dead.
The white imp completely misses you.
The iron imp hits you but does no damage.
Eustachio casts a spell.
Eustachio blinks!
Eustachio mumbles some strange words.
There is an open door here.
The iron imp disappears in a puff of smoke!
The white imp sputters.
Eustachio gestures wildly while chanting.
The shadow imp disappears in a puff of smoke!
The white imp gestures at you. The puff of frost hits you! You resist.
The white imp gestures at you. The puff of frost misses you.
Eustachio screams, "At last I'll have my revenge!"
Drink which item? (? for menu, Esc to quit)
Okay, then.
The quokka bites you but does no damage.
The quokka bites you but does no damage.
The quokka closely misses you.
Something unseen opens the door.
The quokka bites you but does no damage.
The quokka barely misses you. The quokka closely misses you.
The quokka bites you but does no damage.
Eustachio growls, "To hell with you, honourless miscreant!"
The quokka completely misses you.
The quokka twitches its whiskers.
Eustachio growls, "To hell with you, honourless miscreant!"
There is a stone staircase leading up here.
The quokka bites you but does no damage.
The quokka bites you. x2
You die...

...#....@.#.........#.........#
...#......#.........#.........#
...#......'.........#.........#
...#......#.........#.........#
...#......#.........#.........#
'###......###########.........###
...#......................##...#.
...#.......@r.............#......
...#...........r@.........#......
...#...........r..........#......
...#......................#......
...#......................#......
...#......................#......
####......................#.####.
.#.....####'#######.....########.
.'.....#....#.....#.....# #....
.#.....#....'.....#.....# #....


You could see Eustachio, a river rat and 2 quokkas.

Action                   |  1- 3 |  4- 6 || total
-------------------------+-------+-------++-------
Melee: Unarmed           |   103 |   146 ||   249
  Eat: Chunk             |    23 |    30 ||    53

Notes
Turn   | Place    | Note
--------------------------------------------------------------
     0 | D:1      | Duffy the Ghoul Fighter began the quest for the Orb.
     0 | D:1      | Reached XP level 1. HP: 19/19 MP: 0/0
   275 | D:1      | Reached skill level 3 in Unarmed Combat
   275 | D:1      | Reached XP level 2. HP: 26/26 MP: 1/1
  1087 | D:2      | Reached XP level 3. HP: 31/31 MP: 2/2
  1157 | D:2      | Reached skill level 4 in Unarmed Combat
  1259 | D:2      | Found a glowing silver altar of Zin.
  1359 | D:2      | Found a bloodstained altar of Trog.
  1517 | D:2      | Found a shimmering altar of Xom.
  1518 | D:2      | Found a burning altar of Makhleb.
  1786 | D:3      | Reached XP level 4. HP: 35/38 MP: 3/3
  1852 | D:3      | Found a white marble altar of Elyvilon.
  2071 | D:3      | Reached skill level 5 in Unarmed Combat
  2394 | D:4      | Reached XP level 5. HP: 43/45 MP: 4/4
  2628 | D:4      | Noticed ronniedog's ghost (amateur MiGl)
  2884 | D:4      | Noticed Edmund
  2911 | D:4      | Killed Edmund
  2911 | D:4      | Reached skill level 6 in Unarmed Combat
  2911 | D:4      | Reached XP level 6. HP: 23/51 MP: 5/5
  3048 | D:4      | Noticed Sigmund
  3056 | D:4      | Killed Sigmund
  3056 | D:4      | Reached skill level 7 in Unarmed Combat
  3264 | D:4      | Noticed Eustachio
  3322 | D:4      | Slain by a quokka

Vault maps used:
D:1:      dpeg_arrival_simpleton_b
D:2:      nicolae_overflow_hidden_temple, lemuel_coloured_pillars_altar,
          zin_treasury, first_bread
D:3:      elyvilon_altar_3
D:4:      sigmund_edmund_badplayer, uniq_eustachio, uniq_pikel

Vanquished Creatures
  Sigmund Edmund
  An iguana
  6 adders
  3 worms
  A giant gecko
  4 orcs
  8 bats
  4 giant cockroaches
  6 goblins
  4 hobgoblins
  3 jackals
  A quokka
  A ball python
  6 giant newts
  5 kobolds
  3 rats
58 creatures vanquished.
